 Dungeon Crawl Stone Soup version 0.24-a0-27-gca774cb5d5 (webtiles) character file.

Game seed: 127719079522517193

153 Adamkad1 the Shield-Bearer (level 5, 0/42 HPs)
             Began as a Formicid Fighter on Feb 2, 2019.
             Slain by a jackal (1 damage)
             ... on level 2 of the Dungeon.
             The game lasted 00:03:37 (1968 turns).

Adamkad1 the Shield-Bearer (Formicid Fighter)       Turns: 1968, Time: 00:03:38

Health: 0/42       AC:  7    Str: 22    XL:     5   Next: 61%
Magic:  5/5        EV: 13    Int:  7    God:
Gold:   92         SH: 10    Dex: 15    Spells: 4/4 levels left

rFire    . . .     SeeInvis +   a - +0 quarterstaff
rCold    . . .     Gourm    .   c - +0 shield
rNeg     . . .     Faith    .   b - +0 scale mail
rPois    .         Spirit   .   (helmet unavailable)
rElec    .         Reflect  .   (no cloak)
rCorr    .         Harm     .   (no gloves)
MR       .....                  (no boots)
Stlth    +.........             (no amulet)
HPRegen  0.14/turn              (no ring)
MPRegen  0.09/turn              (no ring)

@: agile, lethally poisoned (0 -> -7)
A: permanent stasis, dig shafts and tunnels, four strong arms, antennae 3
a: Dig, Shaft Self


You were on level 2 of the Dungeon.
You were hungry.

You visited 1 branch of the dungeon, and saw 3 of its levels.

You collected 92 gold pieces.

Inventory:

Hand Weapons
 a - a +0 quarterstaff (weapon)
Missiles
 n - 27 bolts
Armour
 b - a +0 scale mail (worn)
 c - a +0 shield (worn)
Jewellery
 g - an uncursed ring of positive energy {unknown}
 k - an uncursed ring of see invisible {unknown}
Wands
 o - a wand of polymorph (9)
Scrolls
 e - 3 scrolls of identify {unknown}
 h - a scroll of amnesia {unknown}
 i - a scroll of enchant armour {unknown}
 j - a scroll of fear {unknown}
 m - a scroll of remove curse {unknown}
 q - a scroll of teleportation {unknown}
 s - a scroll of magic mapping {unknown}
Potions
 d - 2 potions of might
 l - a potion of mutation {unknown}
 p - 2 potions of agility
Comestibles
 f - 6 rations
 r - 6 chunks of flesh


   Skills:
 * Level 4.3 Fighting
 * Level 3.1 Staves
 * Level 4.2 Armour
 * Level 4.7 Shields


You had 4 spell levels left.
You didn't know any spells.
Your spell library was empty.

Dungeon Overview and Level Annotations

Branches:
Dungeon (3/15)

Altars:
Kikubaaqudgha


Innate Abilities, Weirdness & Mutations

You cannot be hasted, slowed, berserked, paralysed or teleported.
You can dig through walls and to a lower floor.
Your four strong arms can wield two-handed weapons with a shield.
You have a pair of large antennae on your head. (SInv)


Message History

There is a stone staircase leading up here.
* * * LOW HITPOINT WARNING * * *
You feel sick. You block the bat's attack. The jackal barely misses you.
You block the jackal's attack.
The gnoll hits you from afar with a +0 spear of venom.
* * * LOW HITPOINT WARNING * * *
The jackal barely misses you.
The jackal bites you but does no damage.
You climb upwards.
* * * LOW HITPOINT WARNING * * *
You feel sick.
There is a stone staircase leading down here.
Unknown command.
Unknown command.
Unknown command.
It was a potion of agility.
You feel agile all of a sudden.
* * * LOW HITPOINT WARNING * * *
You feel sick. The jackal bites you.
You die...

#...........
##.###.#.###.
#...#........
#............
#...#...###.. #####
######.## #..
#...#######...###..
#.#h..<.....#.....)
#.@h#######...#.#.#
##.## ######.##..#.
#.# #.......>.###
#.####.######.## #
#......# ##.###
#.###### ####...#.
#.# #........ #.#
#.##..... #.#
#.###....


You could see 2 jackals.

Vanquished Creatures
  2 gnolls (D:3)
  7 adders
  A shadow imp (D:2)
  2 oozes
  2 worms (D:2)
  A leopard gecko (D:3)
  2 giant cockroaches (D:1)
  4 goblins (D:1)
  7 hobgoblins
  4 jackals (D:1)
  4 kobolds (D:1)
  2 quokkas (D:3)
  A ball python (D:1)
  5 bats
  2 frilled lizards (D:2)
  4 rats (D:2)
50 creatures vanquished.

Notes
Turn   | Place    | Note
-------+----------+-------------------------------------------
     0 | D:1      | Adamkad1 the Formicid Fighter began the quest for the Orb.
     0 | D:1      | Reached XP level 1. HP: 18/18 MP: 1/1
    53 | D:1      | Reached XP level 2. HP: 23/24 MP: 2/2
   139 | D:1      | Reached XP level 3. HP: 22/29 MP: 3/3
   732 | D:2      | Reached XP level 4. HP: 23/37 MP: 4/4
  1450 | D:2      | Reached XP level 5. HP: 35/42 MP: 5/5
  1687 | D:2      | Found an ancient bone altar of Kikubaaqudgha.
  1966 | D:3      | HP: 2/42 [gnoll/+0 spear of venom (4)]
  1968 | D:2      | Slain by a jackal

Vault maps used:
D:1:      scummos_arrival_simple_crosswalls
D:2:      overflow_temple_1_default, minmay_hedge_maze
D:3:      minitemple, first_ration

Skill      XL: |  1  2  3  4  5 |
---------------+----------------+-----
Shields        | 4 |  4.7
Fighting       | 4 |  4.3
Armour         | 4 |  4.2
Staves         | 3 |  3.1

Action                   |  1- 3 |  4- 6 || total
-------------------------+-------+-------++-------
Melee: Quarterstaff      |    84 |    89 ||   173
  Use: Potion            |       |     1 ||     1
  Eat: Chunk             |       |     3 ||     3
Armor: Scale mail        |    27 |    50 ||    77
Dodge: Dodged            |    22 |    45 ||    67
Block: Shield            |    40 |    55 ||    95

Table legend:
 A = Non-vault XP
 B = Vault XP
 C = Vault XP percentage of total XP
 D = Non-vault monster count
 E = Vault monster count
 F = Vault count percentage of total count
                 A         B        C        D         E       F
            +---------+---------+-------+---------+---------+-------
      Total |     219 |       0 |   0.0 |      50 |       0 |   0.0
            +---------+---------+-------+---------+---------+-------
        D:1 |      48 |       0 |   0.0 |      24 |       0 |   0.0
        D:2 |     121 |       0 |   0.0 |      20 |       0 |   0.0
        D:3 |      50 |       0 |   0.0 |       6 |       0 |   0.0
            +---------+---------+-------+---------+---------+-------
